Cogmind - Beta 15 @@@ ROGUE MODE // 2025.08.24 @ 19:10:42 Player: JuustuToug Result: Destroyed by B-75 Beast with Heavy Plasma Cannon Performance ------------- Evolutions (5) 2500 Regions Visited (5) 1000 Robots Destroyed (34) 170 Value Destroyed (1281) 1281 Prototype IDs (27) 540 Alien Tech Used (0) 0 Bonus (1052) 1052 TOTAL SCORE: 6543 Bonus ------- Follower Combat Kills 302 Registered with UFD 300 Met Optimus in HQ 500 Friendly Fire -50 Cogmind --------- Core Integrity 0/1000 Matter 300/300 Energy 61/100 System Corruption 8% Temperature Cool (18) Movement Walking (120) Location -5/Extension Parts ------- > --- POWER (2) -------- (None) > --- PROPULSION (5) --- Flexi-carbon Leg (fused) Flexi-carbon Leg Flexi-carbon Leg > --- UTILITY (8) ------ Advanced Heat Sink Improved Signal Interpreter Improved Transmission Jammer Makeshift Hacking Suite A0-MCA's Component Scanner > --- WEAPON (2) ------- Lightning Gun > --- INVENTORY (5) ---- Weight Redist. System Surveybot 17 Chip Lance Peak State ------------ > --- POWER ------------ Light Angular Momentum Engine Fission Core > --- PROPULSION ------- Carbon-fiber Leg Carbon-fiber Leg Flexi-carbon Leg Flexi-carbon Leg Flexi-carbon Leg > --- UTILITY ---------- Advanced Heat Sink Improved Signal Interpreter IFF Parser Improved Transmission Jammer Improved Medium Armor Plating Improved Medium Armor Plating Makeshift Hacking Suite A0-MCA's Component Scanner > --- WEAPON ----------- Lightning Gun Heavy Laser > --- INVENTORY -------- Weight Redist. System Surveybot 17 Chip Lance [Rating: 80] Favorites ----------- Power Light Ion Engine Engine Light Ion Engine Power Core Fission Core Propulsion Aluminum Leg Treads Improved Medium Treads Leg Aluminum Leg Hover Unit Linear Gravjet Flight Unit Makeshift Flight Unit Utility Medium Storage Unit Device Weight Redist. System Storage Medium Storage Unit Processor A0-MCA's Component Scanner Hackware Makeshift Hacking Suite Protection Makeshift Thermal Plating Weapon Plasma Rifle Energy Gun Plasma Rifle Energy Cannon Disruptor Cannon Ballistic Gun Assault Rifle Ballistic Cannon Light Cannon Launcher Rocket Launcher Special Weapon Mining Laser Slashing Weapon Chainsword Piercing Weapon Lance Special Melee Weapon Datajack Build | -11 -10 -10 -7 -5 -5 ------- Run | Yrd Mat Sub Scr Fac Ext Slots Evolved 10 | . . . . 10 . Power 1 | . . . . 1 . Propulsion 3 | . . . . 3 . Utility 6 | . . . . 6 . Weapon . | . . . . . . Parts Attached 84 | 6 13 4 10 35 16 Power 12 | 1 2 1 2 3 3 Engine 10 | 1 2 1 2 1 3 Core 2 | . . . . 2 . Reactor . | . . . . . . Propulsion 28 | 2 2 . 4 13 7 Treads 5 | . . . . 4 1 Leg 16 | 2 2 . 4 2 6 Wheel . | . . . . . . Hover 3 | . . . . 3 . Flight 4 | . . . . 4 . Utility 23 | 1 4 2 1 10 5 Device 13 | . 2 1 . 8 2 Storage 2 | 1 1 . . . . Processor 2 | . . . 1 1 . Hackware 2 | . . . . 1 1 Protection 4 | . 1 1 . . 2 Artifact . | . . . . . . Weapon 21 | 2 5 1 3 9 1 Energy Gun 10 | 1 3 . 1 4 1 Energy Cannon 1 | . . . . 1 . Ballistic Gun 1 | 1 . . . . . Ballistic Cannon 4 | . 1 1 . 2 . Launcher 1 | . . . . 1 . Special Weapon 1 | . 1 . . . . Impact Weapon . | . . . . . . Slashing Weapon 1 | . . . 1 . . Piercing Weapon 1 | . . . . 1 . Special Melee Weapon 1 | . . . 1 . . Unidentified Prototypes . | . . . . . . Corrupted Parts 2 | . . . . 1 1 System Corruption 4 | . . . . 2 2 Parts Lost 31 | . 2 . . 18 11 Power 7 | . . . . 3 4 Propulsion 12 | . 1 . . 9 2 Utility 6 | . . . . 3 3 Weapon 6 | . 1 . . 3 2 Highest Loss Streak 11 | . 1 . . 11 8 To Critical Strikes . | . . . . . . Average Backups 8 | 1 7 10 9 7 4 Power 1 | . 1 2 2 . . Propulsion 1 | . . 1 1 1 . Utility 2 | . 1 2 2 1 2 Weapon 3 | . 3 3 3 3 1 Tool/Special . | . . . . . . Unused Backups 16 | . . 2 9 2 3 Power 3 | . . 1 2 . . Propulsion 3 | . . . 2 . 1 Utility 4 | . . 1 2 . 1 Weapon 5 | . . . 3 2 . Tool/Special 1 | . . . . . 1 Average Slot Usage (%) 91 | . 94 100 100 61 88 Engine 10 | . 14 14 14 1 3 Core 1 | . . . . 2 4 Treads 1 | . . . . 7 . Leg 22 | . 27 28 28 2 19 Device 4 | . 3 1 . 7 18 Storage 10 | . 14 14 14 3 . Processor 4 | . . . 3 10 11 Hackware 1 | . . . . 4 8 Protection 7 | . 5 12 9 . 4 Energy Gun 11 | . 21 13 12 2 7 Ballistic Cannon 4 | . . 14 3 2 . Slashing Weapon 2 | . . . 4 1 . Special Melee Weapon 3 | . . . 7 . . Peak Build Rating 80 | 6 9 11 34 72 80 Average Rating 28 | 4 7 8 22 49 68 On Entrance 17 | . 6 8 9 34 46 Naked Turns . | . . . . . . Heaviest Build 44 | 12 23 22 27 36 44 Greatest Support 91 | 20 20 20 38 90 91 Greatest Overweight (x) 8 | 2 1 1 1 8 1 Average Overweight (x) . | . . . . . . Largest Inventory Capacity 10 | 8 10 10 10 10 5 Average Capacity 9 | 6 9 10 10 8 5 Most Carried 10 | 3 10 10 10 10 5 Average Carried 8 | 1 8 9 9 7 4 Final Capacity 10 | 8 10 10 10 5 5 Final Carried 10 | 2 10 10 10 5 3 Class Distribution -------------------- 84% | Mutant 10% | Scavenger-Mutant 5% | Derelict-Mutant Dominant Class ---------------- Mutant | -10/Materials Mutant | -10/Subcaves Mutant | -7/Scraptown Mutant | -5/Factory Scavenger-Mutant | -5/Extension Resources | -11 -10 -10 -7 -5 -5 ----------- Run | Yrd Mat Sub Scr Fac Ext Matter Collected 1743 | 205 272 109 287 362 508 Remotely . | . . . . . . Salvage Created 1309 | . 446 104 . 432 327 Parts 65 | . 26 5 . 20 14 Haulers Intercepted 2 | . 1 . . 1 . Recyclers Shooed 4 | . . . . 1 3 Parts Field Recycled . | . . . . . . Retrieved Matter . | . . . . . . Parts Self-Destructed 10 | . . 10 . . . Prevented . | . . . . . . Kills | -11 -10 -10 -7 -5 -5 ------- Run | Yrd Mat Sub Scr Fac Ext Combat Hostiles Destroyed 26 | . 9 3 . 11 3 Melee 3 | . . . . 2 1 Guns 10 | . 6 1 . 2 1 Cannons 6 | . 1 2 . 3 . AOE 7 | . 2 . . 4 1 Classes Destroyed 11 | . 4 1 . 3 3 Worker 1 | . 1 . . . . Hauler 2 | . 1 . . 1 . Recycler 1 | . . . . . 1 Operator 1 | . . . . . 1 Watcher 3 | . 2 . . . 1 Swarmer 4 | . . . . 4 . Grunt 16 | . 9 2 . 3 2 Sentry 1 | . . . . . 1 Hunter 2 | . . . . 2 . Programmer 2 | . . . . 2 . Subdweller 1 | . . 1 . . . Best Kill Streak 4 | . 3 2 . 4 3 Combat Bots Only 4 | . 3 2 . 4 1 Max Kills in Single Turn 3 | . 2 1 . 3 1 Gunslinging . | . . . . . . Exploded 3 | . 2 . . 3 1 Melee 1 | . . . . 1 1 Uniques/NPCs Destroyed . | . . . . . . Combat | -11 -10 -10 -7 -5 -5 -------- Run | Yrd Mat Sub Scr Fac Ext Hostile Shots Fired 381 | . 40 25 . 205 111 Missed 106 | . 7 10 . 47 42 Hits 275 | . 33 15 . 158 69 Projectile 275 | . 33 15 . 158 69 Critical Strikes 12 | . 1 1 . 7 3 Damage Taken 5057 | . 468 301 . 2631 1657 Core 1158 | . 79 48 . 610 421 Absorbed by Shields . | . . . . . . Core Remaining (%) 74 | 100 . . 49 . . Volleys Fired 118 | . 42 26 . 32 18 Largest 2 | . 2 2 . 2 2 Hottest 144 | . 105 80 . 144 124 Shots Fired 219 | . 81 52 . 53 33 Gun 137 | . 75 10 . 22 30 Cannon 76 | . 5 42 . 29 . Launcher 5 | . . . . 2 3 Special 1 | . 1 . . . . Kinetic 100 | . 29 42 . 29 . Thermal 73 | . 35 10 . 13 15 Explosive 5 | . . . . 2 3 Electromagnetic 41 | . 17 . . 9 15 Robot Hit Streak 18 | . 11 18 . 7 5 Robot Miss Streak 5 | . 3 2 . 4 5 Penetration Max . | . . . . . . Secondary Targets 1 | . . . . . 1 Max Gunslinging Chain 1 | . . . . . 1 Shots Hit Robots 162 | . 55 17 11 57 22 Core Hits 81 | . 22 6 . 33 20 Critical Kills . | . . . . . . Critical Parts Destroyed . | . . . . . . Critical Strikes 8 | . . 2 . 4 2 Burn 1 | . . . . 1 . Blast 2 | . . 2 . . . Sever 3 | . . . . 3 . Impale 2 | . . . . . 2 Melee Attacks 43 | . . . 11 24 8 Impact . | . . . . . . Slashing 23 | . . . . 23 . Piercing 9 | . . . . 1 8 Sneak Attacks 13 | . . . 9 1 3 Combat Hostiles . | . . . . . . Follow-up Attacks . | . . . . . . Damage Inflicted 3843 | . 824 250 . 1647 1122 Guns 1498 | . 704 113 . 287 394 Cannons 775 | . 33 137 . 605 . Explosions 633 | . 87 . . 212 334 Melee 937 | . . . . 543 394 Ramming . | . . . . . . Kinetic 1021 | . 279 137 . 605 . Thermal 930 | . 410 113 . 235 172 Explosive 546 | . . . . 212 334 Electromagnetic 409 | . 135 . . 52 222 Impact . | . . . . . . Slashing 543 | . . . . 543 . Piercing 394 | . . . . . 394 Highest Corruption 8 | . 2 2 . 6 8 Average Corruption 4 | . 1 2 . 5 6 Corruption Purged . | . . . . . . Corruption Blocked . | . . . . . . Effects 49 | . 4 12 . 13 20 Message Errors 15 | . 1 5 . 4 5 Matter Fused 9 | . . 4 . 1 4 Heat Flow Errors 6 | . 2 . . 3 1 Energy Discharges 7 | . 1 1 . . 5 Parts Rejected 1 | . . . . 1 . Parts Fused 1 | . . . . . 1 Data Loss (minor) 4 | . . . . 2 2 Data Loss (major) 5 | . . 2 . 2 1 Alerts 1 | . . . . . 1 Overload Shots . | . . . . . . Overflow Damage 276 | . 21 . . 111 144 Projectiles . | . . . . . . Explosions 21 | . 21 . . . . Melee 255 | . . . . 111 144 Knockbacks 20 | . 1 . . 19 . Impact . | . . . . . . Kinetic 19 | . 1 . . 18 . Secondary 1 | . . . . 1 . Self-Inflicted Damage 97 | . 48 . . . 49 Shots 2 | . 1 . . . 1 Rammed . | . . . . . . Targets Rammed . | . . . . . . Kicked . | . . . . . . Crushed . | . . . . . . Highest Temperature 344 | . 257 16 . 344 307 Average Temperature 102 | . 100 13 . 107 105 Received Heat Transfer 1032 | . 252 123 . 369 288 Siege Activations . | . . . . . . Martial Activations . | . . . . . . Shielding Activations . | . . . . . . Robots Disrupted . | . . . . . . Combat Hostiles . | . . . . . . Robots Corrupted . | . . . . . . Combat Hostiles . | . . . . . . Parts Fried 2 | . 1 . . 1 . Impact Corruptions . | . . . . . . Robots Melted . | . . . . . . Combat Hostiles . | . . . . . . Parts Melted 2 | . 1 . . 1 . Heat Transferred 2141 | . 888 333 . 587 333 Parts Sabotaged . | . . . . . . Parts Stolen . | . . . . . . Parts Stripped . | . . . . . . Power Chain Reactions 1 | . 1 . . . . Alert | -11 -10 -10 -7 -5 -5 ------- Run | Yrd Mat Sub Scr Fac Ext Maximum Alert Level . | . . . . . . Low Security (%) 100 | 100 100 . . 100 100 Level 1 . | . . . . . . Level 2 . | . . . . . . Level 3 . | . . . . . . Level 4 . | . . . . . . Level 5 . | . . . . . . High Security . | . . . . . . Max Security . | . . . . . . Peak Influence 126 | . 96 . . 104 126 Initial . | . . . . . . Average 33 | . 35 . . 22 47 Influence Increases 1244 | . 323 50 . 441 430 Destroy 0b10 Robot/C 660 | . 180 40 . 220 220 Destroy 0b10 Robot/NC 45 | . 20 . . 5 20 Destroy Leader 152 | . 46 10 . 32 64 Allied During Kill 79 | . . . . . 79 Successful Hack 81 | . 25 . . 46 10 Select Force Hacks 30 | . 30 . . . . Disable Machine 30 | . 15 . . 15 . Destroy Structure 47 | . 7 . . 18 22 Partial Spotted 15 | . . . . 15 . Lose Combat Pursuer 105 | . . . . 90 15 Influence Decreases 1244 | . 296 77 . 441 430 Entered New Map 14 | . . 14 . . . Time Decay 899 | . 282 63 . 283 271 Lost Part 204 | . 14 . . 158 32 Lost Ally 127 | . . . . . 127 Squads Dispatched 8 | . 2 . . 3 3 Investigation 5 | . 2 . . 1 2 Extermination 2 | . . . . 2 . Reinforcement 1 | . . . . . 1 Assault . | . . . . . . Garrison . | . . . . . . Intercept . | . . . . . . Searches Triggered . | . . . . . . Construction Impeded . | . . . . . . Haulers Reinforced . | . . . . . . Active Scanning Responses . | . . . . . . Cargo Convoy Interrupts . | . . . . . . Stealth | -11 -10 -10 -7 -5 -5 --------- Run | Yrd Mat Sub Scr Fac Ext Distress Signals 1 | . . . . 1 . Communications Jammed 103 | . . . . . 103 Distress Signals 103 | . . . . . 103 Times Spotted 57 | . 12 5 . 22 18 Peak Tracking Total 6 | . 3 2 . 6 4 Tactical Retreats 4 | . . . . 3 1 Traps | -11 -10 -10 -7 -5 -5 ------- Run | Yrd Mat Sub Scr Fac Ext Traps Triggered 4 | . 2 1 . 1 . Indirectly . | . . . . . . Trap Hack Attempts . | . . . . . . Triggered . | . . . . . . Disarmed . | . . . . . . Reprogrammed . | . . . . . . Reused . | . . . . . . Traps Extracted . | . . . . . . Installed . | . . . . . . Triggered . | . . . . . . Machines | -11 -10 -10 -7 -5 -5 ---------- Run | Yrd Mat Sub Scr Fac Ext Machines Disabled 3 | . 1 1 . 1 . Max in Single Turn 1 | . 1 1 . 1 . Machines Repaired . | . . . . . . Machines Dismantled . | . . . . . . Machines Sabotaged . | . . . . . . Overloaded Fab Kills . | . . . . . . Hacking | -11 -10 -10 -7 -5 -5 --------- Run | Yrd Mat Sub Scr Fac Ext Machines Accessed 30 | . 6 1 10 6 7 Terminals 16 | . 4 . . 5 7 Fabricators . | . . . . . . Repair Stations . | . . . . . . Recycling Units 3 | . 2 . . 1 . Scanalyzers . | . . . . . . Garrison Access . | . . . . . . Total Hacks 93 | . 17 1 44 19 12 Successful 76 | . 9 1 44 15 7 Failed 17 | . 8 . . 4 5 Catastrophic 3 | . 2 . . . 1 Database Lockouts . | . . . . . . Manual 15 | . 5 . . 7 3 Terminals 42 | . 12 . . 18 12 Fabricators . | . . . . . . Repair Stations . | . . . . . . Recycling Units 6 | . 5 . . 1 . Scanalyzers . | . . . . . . Garrison Access . | . . . . . . Terminal Hacks 70 | . 7 1 44 12 6 Record 38 | . . . 38 . . Robot Analysis 7 | . . . 6 1 . Prototype ID Bank 4 | . 2 . . 2 . Open Door 7 | . . . . 1 6 Branch Access Points 2 | . 1 . . 1 . Emergency Access Points 1 | . . . . 1 . Terminal Index 1 | . . . . 1 . Recycling Unit Index 1 | . 1 . . . . Alert Level 2 | . . . . 2 . Locate Traps 1 | . . . . 1 . Investigation Status 1 | . 1 . . . . Recall Investigation 1 | . 1 . . . . Recall Extermination 1 | . . . . 1 . Hauler Manifests 1 | . 1 . . . . Registered Components 1 | . . . . 1 . Proto ID Catalog 1 | . . 1 . . . Fabricator Hacks . | . . . . . . Repair Station Hacks . | . . . . . . Recycling Unit Hacks . | . . . . . . Scanalyzer . | . . . . . . Garrison Access Hacks . | . . . . . . Unauthorized Hacks 6 | . 2 . . 3 1 Terminals 3 | . . . . 2 1 Assimilate 3 | . . . . 2 1 Fabricators . | . . . . . . Repair Stations . | . . . . . . Recycling Units 3 | . 2 . . 1 . Recyclers 1 | . 1 . . . . Tunnel 1 | . 1 . . . . Fedlink 1 | . . . . 1 . Scanalyzers . | . . . . . . Garrison Access . | . . . . . . Data Cores Recovered . | . . . . . . Used . | . . . . . . Hacking Detections 14 | . 6 . . 5 3 Full Trace Events 4 | . 2 . . . 2 Feedback Events . | . . . . . . Feedback Blocked . | . . . . . . Robot Schematics Acquired . | . . . . . . Robots Built . | . . . . . . Authchips . | . . . . . . Time . | . . . . . . Total Robot Build Rating . | . . . . . . Part Schematics Acquired . | . . . . . . Parts Built . | . . . . . . Authchips . | . . . . . . Time . | . . . . . . Total Part Build Rating . | . . . . . . Parts Repaired . | . . . . . . Time . | . . . . . . Parts Recycled . | . . . . . . Recycled Matter . | . . . . . . Retrieved Matter . | . . . . . . Retrieved Components . | . . . . . . Parts Scanalyzed . | . . . . . . Part Schematics Acquired . | . . . . . . Parts Damaged . | . . . . . . Bothacking | -11 -10 -10 -7 -5 -5 ------------ Run | Yrd Mat Sub Scr Fac Ext Used RIF Installer . | . . . . . . Robots Hacked 9 | . . . 9 . . Non-combat 1 | . . . 1 . . Combat 8 | . . . 8 . . Robot Hacks Applied 9 | . . . 9 . . parse_system 9 | . . . 9 . . Relay Couplers Released . | . . . . . . Fabnet Peak Effective % . | . . . . . . Robots Rewired . | . . . . . . Allies Hacked . | . . . . . . Hacks Repelled . | . . . . . . Allies | -11 -10 -10 -7 -5 -5 -------- Run | Yrd Mat Sub Scr Fac Ext Total Allies 13 | . . . . 2 11 Largest Group 7 | . . . . 2 7 Highest-Rated Group 161 | . . . . 36 161 Highest-Rated Ally 39 | . . . . 26 39 Total Orders 1 | . . . . . 1 ROAM 1 | . . . . . 1 Ally Attacks 88 | . . . . . 88 Total Damage 1722 | . . . . . 1722 Kills 10 | . . . . . 10 Allies Corrupted . | . . . . . . Allies Melted . | . . . . . . Intel | -11 -10 -10 -7 -5 -5 ------- Run | Yrd Mat Sub Scr Fac Ext Active Infowar (turns) 1312 | . 62 88 150 300 712 Optics 238 | . . 88 150 . . Sensors 361 | . 62 . . 299 . IFF 691 | . . . . . 691 Jamming 713 | . . . . 1 712 Robot Analysis Total 7 | . . . 6 1 . Derelict Logs Recovered 3 | . . . 3 . . Drone Launches . | . . . . . . Drone Recoveries . | . . . . . . Exploration | -11 -10 -10 -7 -5 -5 ------------- Run | Yrd Mat Sub Scr Fac Ext Turns Passed 6059 | 63 676 915 2704 961 740 Spaces Moved 4037 | 45 341 462 1975 744 470 Core 35 | 16 . . . 19 . Treads 142 | . . . . 142 . Legs 3277 | 29 341 462 1975 81 389 Wheels . | . . . . . . Hover 507 | . . . . 426 81 Flight 76 | . . . . 76 . Fastest Speed 35 | 50 120 120 120 35 40 Average Speed 122 | 108 128 173 130 79 106 Slowest Speed 450 | 150 190 190 190 450 120 Overloaded Moves . | . . . . . . Propulsion Burnouts . | . . . . . . Robots Hopped . | . . . . . . Potential Cave-ins . | . . . . . . Cave-ins Triggered . | . . . . . . Exploration Rate (%) 42 | 4 63 34 93 19 43 Regions Visited 5 Branch Regions 3 Pre-discovered Areas 7 | . 1 . 6 . . Known Exits Taken 1 | . . . . 1 . Unknown Exits Taken 4 | 1 1 1 1 . . Scrap Searched 8 | . . . 8 . . Spaces Dug 2 | . . . . 2 . Terrain Destroyed 16 | . 3 . . 8 5 Melee 2 | . . . . 2 . Projectile . | . . . . . . AOE 14 | . 3 . . 6 5 Terrain Rammed . | . . . . . . Walls Destroyed . | . . . . . . Machines Disabled . | . . . . . . Actions | -11 -10 -10 -7 -5 -5 --------- Run | Yrd Mat Sub Scr Fac Ext Total 4872 | 59 495 520 2110 1028 660 Wait 442 | 1 81 17 74 141 128 Move 4032 | 44 340 461 1974 743 470 Hop . | . . . . . . Pick Up 71 | 8 12 5 16 23 7 Fast Attach 19 | . 2 . 1 9 7 Attach 41 | 6 2 . 1 25 7 Detach 5 | . 1 . . 3 1 Swap 48 | . 10 6 11 13 8 Drop 53 | . 5 5 22 15 6 Fire 118 | . 42 26 . 32 18 Melee 43 | . . . 11 24 8 Ram . | . . . . . . Kick . | . . . . . . Crush . | . . . . . . Escape Stasis . | . . . . . . Rewire . | . . . . . . Trap . | . . . . . . Miscellaneous . | . . . . . . Route ------- -11/Scrapyard -10/Materials (discovered 4 exits: [*Mat] / *Min x2 / *Sub) -10/Subcaves (discovered 2 exits: [*Mat] / *Scr) -7/Scraptown (discovered 2 exits: *Fac x2) -5/Factory (discovered 5 exits: *Fac / Upp x2 / *Ext x2) -5/Extension History --------- Turn | Location | Event 14 | -11/Scrapyard | Discovered new exit (range 15) 64 | -11/Scrapyard | Entered Materials 300 | -10/Materials | Build established: Mutant 305 | -10/Materials | Discovered new exit (range 3) 564 | -10/Materials | Discovered new exit (range 9) 669 | -10/Materials | Identified exit to Mines 726 | -10/Materials | Discovered new exit (range 5) 740 | -10/Materials | Entered Subcaves 741 | -10/Subcaves | Approached by a straggling Scientist 994 | -10/Subcaves | Scientist uncovered a shortcut to Scraptown 1067 | -10/Subcaves | Shifting Twisted Machinery released Sub. Optics 1102 | -10/Subcaves | Shifting Twisted Machinery released Sub. Machine Gun 1136 | -10/Subcaves | Core integrity fell below 50% 1254 | -10/Subcaves | Visited 4L-MR0's lab 1338 | -10/Subcaves | Discovered new exit (range 8) 1555 | -10/Subcaves | Ambushed by Subdwellers from Twisted Machinery 1655 | -10/Subcaves | Entered Scraptown 1655 | -7/Scraptown | System corruption cleaned by C-Scrubber 1702 | -7/Scraptown | Heard Great Nut preacher, LISTEN AND RECITE! 1956 | -7/Scraptown | Discovered new exit (range 7) 2241 | -7/Scraptown | Visited Bundlers 2368 | -7/Scraptown | Visited Shadow of the Wyrm 2410 | -7/Scraptown | Visited Cyclists 2441 | -7/Scraptown | Visited Symbiants 2470 | -7/Scraptown | Visited CPS Storage 2668 | -7/Scraptown | Visited UFD Registry 2685 | -7/Scraptown | Visited SPCMW 2721 | -7/Scraptown | Visited Cave Peace 2782 | -7/Scraptown | Scanned Subdweller tech in exchange for log data 2787 | -7/Scraptown | Learned Factory security intel 2788 | -7/Scraptown | Learned Research interactive machine intel 2789 | -7/Scraptown | Learned location of Armory (-3) 3101 | -7/Scraptown | Registered with UFD as "Smoothmachine" 3201 | -7/Scraptown | Visited Cartography Club 3227 | -7/Scraptown | Found Surveybot 17 Chip 3347 | -7/Scraptown | Learned location of Warlord (-5) 3347 | -7/Scraptown | Learned location of Archives (-5) 3347 | -7/Scraptown | Learned location of Hub_04(d) (-5) 3347 | -7/Scraptown | Learned 8 Factory zone layouts 3347 | -7/Scraptown | Learned 8 Research zone layouts 3347 | -7/Scraptown | Learned 12 Research zone layouts 3347 | -7/Scraptown | Learned 12 Lower Caves zone layouts 3347 | -7/Scraptown | Learned 12 Proximity Caves zone layouts 3347 | -7/Scraptown | Learned location of 1 exit from Research 3347 | -7/Scraptown | Learned location of 2 exits from Upper Caves 3473 | -7/Scraptown | Visited Analyses Database 3504 | -7/Scraptown | Visited Observation Area 3666 | -7/Scraptown | Discovered new exit (range 5) 3715 | -7/Scraptown | Visited A0-MCA Data Center 3722 | -7/Scraptown | Given a B rating by A0-MCA 3728 | -7/Scraptown | Found A0-MCA's Component Scanner 3748 | -7/Scraptown | Visited Abandonware Association 3763 | -7/Scraptown | Learned abandonware demo "OVRCLOCK.EXE" 3768 | -7/Scraptown | Learned abandonware demo "REBOOT5.EXE" 3811 | -7/Scraptown | Visited Scrap Suit Storage 4057 | -7/Scraptown | Visited Science Testing Area 4076 | -7/Scraptown | Visited DA-N13 Charitable Foundation 4081 | -7/Scraptown | Found DCF Scrap (31 items) 4133 | -7/Scraptown | Visited LU-1G1's Boring Crew 4277 | -7/Scraptown | Met Optimus 4277 | -7/Scraptown | Accepted into 0bPrime 4359 | -7/Scraptown | Entered Factory 4359 | -5/Factory | Evolved 10 slots: Power x1, Propulsion x3, Utility x6 4360 | -5/Factory | Identified exit to Upper Caves 4586 | -5/Factory | Lost 6 parts (2p3n1u) 4825 | -5/Factory | Loaded intel: 8 recycling unit locations 4859 | -5/Factory | Identified exit to Extension 4953 | -5/Factory | Discovered new exit (range 4) 4955 | -5/Factory | Identified exit to Factory 5032 | -5/Factory | Core integrity fell below 50% 5085 | -5/Factory | Lost 11 parts (1p5n2u3w) 5320 | -5/Factory | Entered Extension 5320 | -5/Extension | Accompanied by 2 allies 5371 | -5/Extension | Rescued a captive Derelict 5372 | -5/Extension | Rescued a captive Derelict 5401 | -5/Extension | Core integrity fell below 20% 5440 | -5/Extension | Rescued a captive Derelict 5441 | -5/Extension | Rescued a captive Derelict 5454 | -5/Extension | Rescued a captive Derelict 5456 | -5/Extension | Rescued a captive Derelict 5728 | -5/Extension | Build established: Scavenger-Mutant 5780 | -5/Extension | Lost 3 allies 5910 | -5/Extension | Rescued a captive Derelict 5910 | -5/Extension | Rescued a captive Derelict 5969 | -5/Extension | Rescued a captive Derelict 6001 | -5/Extension | Rescued a captive Derelict 6002 | -5/Extension | Rescued a captive Derelict 6014 | -5/Extension | Spotted B-75 Beast 6036 | -5/Extension | Spotted B-75 Beast 6060 | -5/Extension | Destroyed by B-75 Beast with Heavy Plasma Cannon Last Messages --------------- 06050_ Machine disabled. 06051_ IFF Parser destroyed. 06051_ Carbon-fiber Leg destroyed. 06051_ HV Slug penetrates R-10 Processor. 06051_ R-10 Processor suffers critical hit (Destroy). 06051_ HV Slug penetrates R-10 Processor. 06051_ Acquired 6 matter. 06051_ Carbon-fiber Leg destroyed. 06051_ Penetrated by Slug. 06052_ Slug penetrates Wall. 06052_ R-10 Processor collects Imp. Hover Unit. 06053_ HV Slug penetrates B-75 Beast. 06054_ Imp. Medium Armor Plating destroyed. 06055_ Hvy. Laser destroyed. 06056_ HV Slug penetrates B-75 Beast. 06057_ Lgt. Angular Momentum Engine destroyed. 06057_ Fission Core destroyed. 06058_ B-75 Beast suffers critical hit (Destroy). Map ----- +----------------------------------------------------+ | ## #??????????????????????????????????????????? | | ?# #??????????????????????????????????????????? | | ##=% #??????????????????????????????????????????? | | ##%! #??????????????????????????????????????????? | | ?#*= #??????????????????????????????????????????? | | ## #??????????????????????????????????????????? | | ## #??????????????????????????????????????????? | | #"/ #??????????????????????????????????????????? | | #"% #????????? ????????????????????????????????? | | #%= # #????????? ????????????????????????????????? | | #= # #????????? ????????????????????????????????? | | !%% # #????????? ????????????????????????????????? | | ##### #????????# #???????????????????????????????? | | ????# #????????# ???????????????????????????????? | | ????# #????????# #???????????????????????????????? | | ????# #????????# #???????????????????????????????? | | ????# #????????# #???????????????????????????????? | | ????# #????????# #???????????????????????????????? | | ????# #?######## #???????????????????????????????? | | ??###%### ## #"# ###?????????????????????????????? | | ??# "* % %"" ""#?????????????????????????????? | | ??# "% % % " #?????????????????????????????? | | ??# % % #?????????????????????????????? | | ??# % % = #?????????????????????????????? | | ??# % ;##############???????????????? | | *% @ R ????????? | | !%! % ????????? | | = BB % ????????? | | % BB ?????????? | | tAk RRt k k t k ?????????? | | ### % ####################??????????? | | ??# #?????????????????????????????? | | ??# #?????????????????????????????? | | ??# #?????????????????????????????? | | ??# #?????????????????????????????? | | ???##"##T#"""#######?????????????????????????????? | | ????????#????????????????????????????????????????? | | ?????????????????????????????????????????????????? | | | | | | | | | | | | | | | | | | | | | | | | | +----------------------------------------------------+ Best States ------------- Heat Dissipation 68 Energy Generation 31 Energy Capacity 360 Matter Stores 300 Matter Capacity 300 Sight Range 21 Robot Scan Range 15 Terrain Scan Density 10 Jamming Range 14 Additional Mass Support 9 Armor Coverage 450 Resistance: TH 10 Weapon Cycling 20 Evasion (%) 61 Recoil Reduction 3 Offensive Hacking 11 Defensive Hacking 10 Item Schematics ----------------- None Robot Schematics ------------------ None Fabricated ------------ Nothing Repaired ---------- Nothing Alien Tech Used ----------------- None Achievements -------------- More Dakka Please Challenges ------------ None Game ------ Seed StructuralOpticalStick Manual? 0 Play Time 01:14:13 Cumulative 75.2 hours Start 2025.08.24 @ 17:48:58 End 2025.08.24 @ 19:10:42 Sessions 2 Manual Loads 0 Difficulty Rogue Special Mode None Game No. 57 Rogue 57 Adventurer 0 Explorer 0 Win Type - Total 2 Types 1/0/0/1/0/0/0/0/0/0 Lore% 60 Gallery% 52 Achievement% 45 Wizard Run 0 Options --------- Layout 1 ASCII 0 Keyboard 0 Movement Mouse Keybinds 0 Fullscreen 1 Font 24/Smallcaps Map View 50x35 Zoom Use 0% Tactical HUD 1 Map Filters NONE Filters NONE Steam 1 RUN: 3cd17ab7-e90f-40ec-bfd7-aa2f6f89f710